 Dungeon Crawl Stone Soup version 0.20-a0-493-g19c8d8d (webtiles) character file.

25149 Duffy the Devastator (level 12, -2/68 HPs)
             Began as a Deep Elf Conjurer on Jan 17, 2017.
             Was a High Priest of Vehumet.
             Slain by an eight-headed hydra (15 damage)
             ... on level 4 of the Lair of Beasts.
             The game lasted 00:20:01 (14432 turns).

Duffy the Devastator (Deep Elf Conjurer)           Turns: 14432, Time: 00:20:02

Health: -2/68      AC: 11    Str: 10    XL:     12   Next: 86%
Magic:  7/41       EV: 14    Int: 26    God:    Vehumet [*****.]
Gold:   285        SH:  5    Dex: 15    Spells: 27/39 levels left

rFire    . . .     SeeInvis .   D - +2 spear of Compound Interest {protect, +Inv rN+ Str+5}
rCold    + . .     Gourm    .   R - +2 robe {Archmagi}
rNeg     + + .     Faith    .   g - +0 buckler
rPois    .         Spirit   .   E - +2 helmet of the Meadowlark {rC+ rN+ Str-2}
rElec    .         Reflect  .   o - +0 cloak
rCorr    .         Harm     .   (no gloves)
MR       +....                  M - +0 pair of boots
Stlth    ++........             (no amulet)
Regen    0.3/turn               (no ring)
                                r - ring of magical power

@: slowed, very slow
A: iridescent scales 1, blink, deterioration 1, strong 1
a: Blink, Renounce Religion, Evoke Invisibility


You were on level 4 of the Lair of Beasts.
You worshipped Vehumet.
Vehumet was extremely pleased with you.
You were not hungry.

You visited 2 branches of the dungeon, and saw 14 of its levels.
You also visited: Bailey.

You collected 1184 gold pieces.
You spent 899 gold pieces at shops.

Inventory:

Hand Weapons
 D - the +2 spear of Compound Interest (weapon) {protect, +Inv rN+ Str+5}
   (You found it on level 4 of the Dungeon)

   It protects the one who uses it against injury (+AC on strike).
   It affects your strength (+5).
   It protects you from negative energy.
   It lets you turn invisible.
Missiles
 d - 2 throwing nets (quivered)
Armour
 g - a +0 buckler (worn)
 o - a +0 cloak (worn)
 E - the +2 helmet of the Meadowlark (worn) {rC+ rN+ Str-2}
   (You bought it in a shop on level 6 of the Dungeon)

   It affects your strength (-2).
   It protects you from cold.
   It protects you from negative energy.
 M - a +0 pair of boots (worn)
 R - a +2 robe of the Archmagi (worn)
Magical Staves
 G - an uncursed staff of death
 O - an uncursed staff of air
Jewellery
 r - a ring of magical power (left hand)
Wands
 u - a wand of lightning (5/15)
 N - a wand of digging (12/24)
 P - a wand of acid (3/15)
Scrolls
 b - a scroll of torment {unknown}
 h - 3 scrolls of magic mapping
 j - 6 scrolls of enchant armour
 q - 2 scrolls of fog
 x - 5 scrolls of teleportation
 y - a scroll of silence {unknown}
 z - 2 scrolls of amnesia
 B - 4 scrolls of blinking
 F - 10 scrolls of remove curse
 H - 2 scrolls of vulnerability
 I - 3 scrolls of enchant weapon
Potions
 f - 4 potions of curing
 i - 3 potions of lignification
 k - 2 potions of heal wounds
 m - a potion of magic {unknown}
 s - 2 potions of brilliance {unknown}
 t - 5 potions of agility
 v - 3 potions of ambrosia
 w - 2 potions of might
 C - 3 potions of berserk rage
 L - a potion of haste
 T - a potion of cancellation {unknown}
 U - 2 potions of cure mutation {unknown}
Comestibles
 a - 10 slices of pizza
 c - 9 bread rations
 l - 7 meat rations
 n - 5 beef jerkies
 p - 10 chunks of flesh
 S - a royal jelly
 V - 3 fruits


   Skills:
 - Level 5.0 Fighting
 - Level 3.8 Dodging
 - Level 2.4 Stealth
 - Level 4.0 Shields
 + Level 14.4 Spellcasting
 * Level 17.3 Conjurations
 - Level 4.5 Charms


You had 27 spell levels left.
You knew the following spells:

 Your Spells              Type           Power        Failure   Level  Hunger
a - Magic Dart            Conj           ####         0%          1    None
i - Iskenderun's Battles  Conj/Chrm      #######.     1%          5    ##.....
l - Iskenderun's Mystic   Conj           ########     1%          4    None
s - Searing Ray           Conj           ######       0%          2    None


Dungeon Overview and Level Annotations

Branches:
Dungeon (10/15)            Temple (0/1) D:7            Lair (4/6) D:9
 Shoals (0/4) Lair:3        Snake (0/4) Lair:2
    Orc: D:9-12

Altars:
Ashenzari
Cheibriados
Fedhas
Gozag
Makhleb
Nemelex Xobeh
Okawaru
Qazlal
Ru
Uskayaw
Vehumet
Xom
Zin
The Shining One

Shops:
D:6 [?}%   D:7 [[

Annotations:
D:10 exclusion: obsidian statue


Innate Abilities, Weirdness & Mutations

You are partially covered in iridescent scales. (AC +2)
You can translocate small distances at will.
Your body sometimes deteriorates upon taking damage.
Your muscles are strong. (Str +2)


Message History

The eight-headed hydra barely misses you.
You block the eight-headed hydra's attack.
Evoke which item? (* to show all) (? for menu, Esc to quit)
Aiming: Corrosive Bolt (will waste charges)
Press: ? - help, Shift-Dir - straight line, f/p - eight-headed hydra
Aim: an eight-headed hydra (severely wounded)
The bolt of acid hits the eight-headed hydra.
The eight-headed hydra is splashed with acid.
The eight-headed hydra is almost dead.
The bolt of acid hits the death yak.
The death yak is splashed with acid.
The acid corrodes the death yak!
The death yak is moderately wounded.
Evoking this partially-identified wand wasted a few charges.
The eight-headed hydra barely misses you.
You block the eight-headed hydra's attack.
The eight-headed hydra bites you but does no damage.
The eight-headed hydra bites you.
You block the eight-headed hydra's attack.
The eight-headed hydra bites you!
You die...

##........#
##.
##.......#.#
##..)...#.#.#
##............
#.............
##............
#.#.....##.#.
#.....### #
#.@..###
##..D.PP###
#*........#
#......%.##
#.......[%....
##......%Yw...
#............
#.............
#.............


You could see a death yak, an eight-headed hydra, a torpor snail and a friendly
battlesphere.

Vanquished Creatures
  3 hydras
  4 two-headed ogres
  An unseen horror (D:10)
  A centaur zombie (D:10)
  3 black mambas (Lair:3)
  Maurice (D:8)
  A torpor snail (Lair:3)
  8 spiny frogs
  A gargoyle (D:10)
  4 komodo dragons
  4 rime drakes
  A troll (D:10)
  Grinder (D:6)
  A hornet (D:8)
  3 hippogriffs
  6 blink frogs
  6 dream sheep
  23 yaks
  2 wyverns
  Eustachio (D:6)
  3 hogs (D:8)
  A human (D:8)
  A steam dragon (Lair:2)
  A hungry ghost (D:9)
  Menkaure (D:5)
  The ghost of nono the Covered, an amateur HaFi (D:3)
  4 water moccasins
  2 porcupines (Lair:3)
  Duvessa (D:4)
  A sky beast (D:6)
  A phantom (D:4)
  4 ice beasts
  5 orc warriors
  6 ogres
  6 centaurs
  5 crocodiles
  4 bullfrogs
  A gnoll sergeant (D:6)
  A wyvern zombie (D:8)
  Dowan (D:4)
  4 scorpions
  9 killer bees
  6 wights (D:9)
  6 howler monkeys
  A bullfrog zombie (D:5)
  4 hounds
  A quasit (D:7)
  8 jellies
  2 bullfrog skeletons
  2 centaur skeletons
  Crazy Yiuf (D:5)
  3 orc priests
  Ijyb (D:2)
  2 iguanas
  5 orc wizards
  3 worker ants
  2 killer bee zombies
  A hound skeleton (D:5)
  A worker ant zombie (D:6)
  Robin (D:3)
  11 gnolls
  9 adders
  3 shadow imps
  An adder skeleton (D:4)
  An adder zombie (D:5)
  5 dart slugs (D:1)
  8 leopard geckos
  22 orcs
  2 ball pythons
  7 giant cockroaches
  19 goblins
  17 hobgoblins
  13 jackals
  4 quokkas
  9 bats
  4 frilled lizards
  26 kobolds
  A leopard gecko zombie (D:5)
  A quokka skeleton (D:8)
  6 rats
357 creatures vanquished.

Vanquished Creatures (others)
  3 dream sheep (Lair:1)
  A hobgoblin (D:2)
  A fungus (Lair:2)
5 creatures vanquished.

Grand Total: 362 creatures vanquished

Notes
Turn   | Place    | Note
-------+----------+-------------------------------------------
     0 | D:1      | Duffy the Deep Elf Conjurer began the quest for the Orb.
     0 | D:1      | Reached XP level 1. HP: 10/10 MP: 6/6
   269 | D:1      | Reached XP level 2. HP: 15/15 MP: 5/8
   274 | D:1      | Learned a level 2 spell: Searing Ray
   483 | D:1      | Reached skill level 5 in Conjurations
   819 | D:1      | Reached XP level 3. HP: 19/19 MP: 7/10
  1421 | D:2      | Noticed Ijyb
  1433 | D:2      | Killed Ijyb
  1433 | D:2      | Reached XP level 4. HP: 24/24 MP: 0/12
  1623 | D:2      | Learned a level 4 spell: Iskenderun's Mystic Blast
  1650 | D:2      | Found a sparkling altar of Nemelex Xobeh.
  1765 | D:2      | Reached skill level 6 in Conjurations
  1825 | D:2      | Found a radiant altar of Vehumet.
  1834 | D:2      | Became a worshipper of Vehumet
  2529 | D:3      | Noticed nono's ghost (amateur HaFi)
  2553 | D:3      | Killed nono's ghost
  2553 | D:3      | Reached skill level 5 in Spellcasting
  2553 | D:3      | Reached XP level 5. HP: 18/28 MP: 5/14
  2625 | D:3      | Reached skill level 7 in Conjurations
  2632 | D:3      | Learned a level 5 spell: Iskenderun's Battlesphere
  2919 | D:3      | Reached * piety under Vehumet
  2919 | D:3      | Offered knowledge of Freeze by Vehumet.
  2954 | D:3      | Reached XP level 6. HP: 32/32 MP: 15/15
  2994 | D:3      | Noticed Robin
  3001 | D:3      | Killed Robin
  3448 | D:3      | Reached skill level 1 in Charms
  3746 | D:4      | Noticed Dowan
  3747 | D:4      | Noticed Duvessa
  3752 | D:4      | Killed Duvessa
  3753 | D:4      | Killed Dowan
  3872 | D:4      | Got a faintly glowing spear
  3873 | D:4      | Identified the cursed +2 spear of Compound Interest {protect, +Inv rN+ Str+5} (You found it on level 4 of the Dungeon)
  3932 | D:4      | Reached XP level 7. HP: 36/36 MP: 17/17
  3954 | D:4      | Reached skill level 8 in Conjurations
  4025 | D:4      | Noticed a dagger
  4027 | D:4      | Noticed a dagger
  4030 | D:4      | Found a hide-covered altar of Uskayaw.
  4174 | D:4      | Got a distressingly furry leather armour
  4185 | D:4      | Identified the cursed +1 leather armour of Oblivion {rCorr Dex+4} (You found it on level 4 of the Dungeon)
  4321 | D:5      | Entered Level 5 of the Dungeon
  4398 | D:5      | Found a glowing silver altar of Zin.
  4400 | D:5      | Offered knowledge of Sandblast by Vehumet.
  4411 | D:5      | Reached ** piety under Vehumet
  4443 | D:5      | Noticed Menkaure
  4446 | D:5      | Killed Menkaure
  4541 | D:5      | Found a runed door.
  4583 | D:5      | Reached skill level 9 in Conjurations
  4586 | D:5      | Reached XP level 8. HP: 41/41 MP: 17/20
  4675 | D:5      | Noticed Crazy Yiuf
  4679 | D:5      | Killed Crazy Yiuf
  5102 | D:5      | Found a sacrificial altar of Ru.
  5413 | D:6      | Found Samum's Food Boutique.
  5414 | D:6      | Found Qeruboy's Gadget Shoppe.
  5610 | D:6      | Noticed Grinder
  5616 | D:6      | Killed Grinder
  5616 | D:6      | Reached skill level 10 in Conjurations
  5664 | D:6      | Offered knowledge of Stone Arrow by Vehumet.
  5753 | D:6      | Found Osodeij's Antique Armour Shop.
  5800 | D:6      | Found Icoroj's Armour Shoppe.
  5815 | D:6      | Found Bumn's Magic Scroll Boutique.
  5822 | D:6      | Bought a scroll of identify for 24 gold pieces
  5822 | D:6      | Bought a scroll of identify for 24 gold pieces
  6010 | D:6      | Noticed Eustachio
  6017 | D:6      | Killed Eustachio
  6027 | D:6      | Reached skill level 11 in Conjurations
  6027 | D:6      | Reached XP level 9. HP: 40/45 MP: 23/23
  6138 | D:6      | Gained mutation: Your muscles are strong. (Str +2) [potion of mutation]
  6138 | D:6      | Gained mutation: You are partially covered in iridescent scales. (AC +2) [potion of mutation]
  6139 | D:6      | Gained mutation: You can translocate small distances at will. [potion of mutation]
  6139 | D:6      | Gained mutation: Your body sometimes deteriorates upon taking damage. [potion of mutation]
  6304 | D:7      | Found an opulent altar of Gozag.
  6309 | D:7      | Found a snail-covered altar of Cheibriados.
  6309 | D:7      | Noticed a two-headed ogre
  6320 | D:7      | Killed a two-headed ogre
  6330 | D:7      | Found a burning altar of Makhleb.
  6490 | D:7      | Reached skill level 12 in Conjurations
  6496 | D:7      | Reached *** piety under Vehumet
  6611 | D:7      | Found a staircase to the Ecumenical Temple.
  6796 | D:7      | Found Hacudy's Armour Boutique.
  6966 | D:7      | Reached skill level 10 in Spellcasting
  7493 | D:8      | Noticed Maurice
  7497 | D:8      | Killed Maurice
  7497 | D:8      | Offered knowledge of Inner Flame by Vehumet.
  7507 | D:8      | Reached skill level 13 in Conjurations
  7507 | D:8      | Reached XP level 10. HP: 50/50 MP: 26/26
  7525 | D:8      | Noticed a seven-headed hydra
  7527 | D:8      | Killed a seven-headed hydra
  7578 | D:8      | Noticed a two-headed ogre
  7581 | D:8      | Killed a two-headed ogre
  7903 | D:8      | Reached skill level 1 in Shields
  8061 | D:8      | Reached **** piety under Vehumet
  8082 | D:8      | Found an iron altar of Okawaru.
  8082 | D:8      | Found a stormy altar of Qazlal.
  8087 | D:8      | Found a faded altar of an unknown god.
  8089 | D:8      | Found a blossoming altar of Fedhas.
  8091 | D:8      | Found a glowing golden altar of the Shining One.
  8291 | D:9      | Found a snail-covered altar of Cheibriados.
  8318 | D:9      | Found a staircase to the Lair.
  8340 | D:9      | Offered knowledge of Sticky Flame by Vehumet.
  8433 | D:9      | Reached skill level 1 in Fighting
  8471 | D:9      | Found a shattered altar of Ashenzari.
  8764 | D:9      | Reached XP level 11. HP: 29/59 MP: 22/28
  9013 | D:9      | Reached ***** piety under Vehumet
  9083 | D:9      | Found a radiant altar of Vehumet.
  9191 | D:10     | Entered Level 10 of the Dungeon
  9246 | D:10     | Noticed an obsidian statue
  9330 | D:10     | Found a flagged portal.
  9335 | D:10     | Offered knowledge of Freezing Cloud by Vehumet.
  9351 | Bailey   | Entered a bailey
  9844 | D:10     | Noticed a two-headed ogre
  9847 | D:10     | Killed a two-headed ogre
  9847 | D:10     | Reached skill level 5 in Fighting
  9961 | D:10     | Killed an unseen horror
 10270 | D:10     | Reached skill level 14 in Conjurations
 10579 | D:10     | Noticed a two-headed ogre
 10586 | D:10     | Killed a two-headed ogre
 10754 | D:7      | Bought a +2 robe of the Archmagi for 452 gold pieces
 10821 | D:6      | Bought the +2 helmet of the Meadowlark {rC+ rN+ Str-2} for 399 gold pieces
 10915 | Lair:1   | Entered Level 1 of the Lair of Beasts
 11292 | Lair:1   | Reached skill level 15 in Conjurations
 11704 | Lair:1   | Found a shimmering altar of Xom.
 12210 | Lair:2   | Found a staircase to the Snake Pit.
 12338 | Lair:2   | Reached XP level 12. HP: 68/68 MP: 30/30
 12998 | Lair:2   | Reached skill level 16 in Conjurations
 13360 | Lair:3   | Found a staircase to the Shoals.
 13693 | Lair:3   | Noticed an eight-headed hydra
 13697 | Lair:3   | Killed an eight-headed hydra
 14345 | Lair:4   | Noticed a four-headed hydra
 14352 | Lair:4   | Killed a four-headed hydra
 14355 | Lair:4   | Reached skill level 17 in Conjurations
 14425 | Lair:4   | Noticed an eight-headed hydra
 14429 | Lair:4   | Noticed a death yak
 14432 | Lair:4   | Slain by an eight-headed hydra

Vault maps used:
D:1:      dpeg_arrival_tiny_g
D:2:      fiery_altar_vehumet, nemelex_xobeh_ov_fountains_minmay,
          grunt_ministairs_13, uniq_iyjb
D:3:      uniq_robin
D:4:      dancing_weapons_uskayaw, first_bread, uniq_duvessa
D:5:      nicolae_overflow_hidden_temple, basic_altar, kennysheep_small_circle,
          uniq_menkaure, uniq_crazy_yiuf_cottage
D:6:      serial_shops, shop, kennysheep_mini, shop, kennysheep_mini_moat,
          nicolae_shop_competitors_out_of_business, kennysheep_path_1,
          uniq_eustachio, uniq_grinder
D:7:      grunt_temple_overflow_open, serial_shops, kennysheep_little_box
D:8:      chequers_temple_overflow_minitemple, grunt_livestock, uniq_maurice
D:9:      cheibrodos_ashenzari_chains, dpeg_oklobed_lair, basic_altar,
          cheibriados_altar_1
D:10:     enter_bailey_2, minmay_statue_bubble
Lair:1:   kb_xom_exploding_sheep
Lair:2:   dummy_snake_entry
Lair:3:   minmay_shoals_entry_centaurs, grunt_megastairs_2
Lair:4:   onia_ninara_swampy_vault, portal_ice_cave_rime, serial_bayou_shore_a,
          uniq_nessos
Bailey:   bailey_axe_1, bailey

Skill      XL: |  1  2  3  4  5  6  7  8  9 10 11 12 |
---------------+-------------------------------------+-----
Conjurations   | 5 6 7 9 11 13 15 17 | 17.3
Spellcasting   | 4 5 6 8 10 11 12 14 | 14.4
Charms         | 2 4 |  4.5
Shields        | 4 |  4.0
Fighting       | 2 5 |  5.0
Dodging        | 3 |  3.8
Stealth        | |  2.4

Action                   |  1- 3 |  4- 6 |  7- 9 | 10-12 || total
-------------------------+-------+-------+-------+-------++-------
Melee: Dagger            |       |     4 |       |       ||     4
       Short sword       |       |     1 |       |       ||     1
 Cast: Magic Dart        |    78 |   102 |   153 |   306 ||   639
       Searing Ray       |     1 |     7 |    10 |     1 ||    19
       Iskenderun's Batt |       |     2 |    21 |    79 ||   102
       Iskenderun's Myst |       |       |     2 |    43 ||    45
Evoke: Wand              |       |       |       |     2 ||     2
  Use: Scroll            |       |       |    14 |     7 ||    21
       Potion            |       |       |     2 |     2 ||     4
  Eat: Chunk             |     1 |     9 |    13 |    25 ||    48
       Fruit             |       |       |     2 |       ||     2
       Meat ration       |       |       |       |     1 ||     1
Armor: Robe              |     3 |     5 |       |     2 ||    10
       Leather armour    |       |       |    18 |    14 ||    32
Dodge: Dodged            |     4 |    24 |    22 |    33 ||    83
Block: Buckler           |       |       |       |    25 ||    25
